 Dungeon Crawl Stone Soup version 0.31-a0-188-g5e087ee2ca (webtiles) character file.

Game seed: 2976530251562078455

238 qw the Skirmisher (level 5, -1/29 HPs)
             Began as a Deep Elf Hunter on June 23, 2023.
             Slain by a scorpion (2 damage)
             ... on level 4 of the Dungeon.
             The game lasted 00:00:44 (2073 turns).

qw the Skirmisher (Deep Elf Hunter)                 Turns: 2073, Time: 00:00:44

Health: -1/29      AC: 10    Str:  4    XL:     5   Next: 78%
Magic:  7/7        EV:  6    Int: 17    God:
Gold:   846        SH:  0    Dex: 27    Spells: 4/4 levels left

rFire   . . .        e - +5 longbow of Pempol {freeze, rC+ Will+ Dex+6}
rCold   + . .        (shield currently unavailable)
rNeg    + + +        j - +0 scale mail
rPois   .            b - +0 helmet
rElec   .            (no cloak)
rCorr   +            a - +2 pair of gloves of Allat {rN+++ Regen+ Str-4}
SInv    .            (no boots)
Will    +....        (no amulet)
Stlth   +            f - ring of resist corrosion
HPRegen 1.04/turn    (no ring)
MPRegen 0.10/turn

%: no passive effects
@: lethally poisoned (-1 -> -3)
A: agile 1, clever 1
a: no special abilities


You were on level 4 of the Dungeon.
You visited 1 branch of the dungeon, and saw 4 of its levels.

You collected 846 gold pieces.


Innate Abilities, Weirdness & Mutations

You are agile. (Dex +4, Str/Int -1)
Your mind is acute. (Int +4, Str/Dex -1)


   Skills:
 - Level 1.5 Fighting
 + Level 8.8 Ranged Weapons
 - Level 1.0 Armour
 - Level 3.1 Dodging
 - Level 1.2 Stealth


You had 4 spell levels left.
You didn't know any spells.
Your spell library was empty.

Inventory:

Hand Weapons
 e - the +5 longbow of Pempol (weapon) {freeze, rC+ Will+ Dex+6}
   (You acquired it on level 1 of the Dungeon)

   Dex:       It affects your dexterity (+6).
   rC:        It protects you from cold.
   Will:      It increases your willpower.
Armour
 a - the +2 pair of gloves of Allat (worn) {rN+++ Regen+ Str-4}
   (You acquired it on level 1 of the Dungeon)

   Str:       It affects your strength (-4).
   rN:        It renders you almost immune to negative energy.
   Regen:     It increases your rate of health regeneration.
 b - a +0 helmet (worn)
 j - a +0 scale mail (worn)
Jewellery
 f - a ring of resist corrosion (left hand)
Potions
 d - 2 potions of mutation
 g - a potion of brilliance {unknown}
 h - a potion of ambrosia {unknown}
 i - a potion of might
 k - a potion of degeneration {unknown}
 l - a potion of curing {unknown}
 m - a potion of cancellation {unknown}

Dungeon Overview and Level Annotations

Branches:
Dungeon (4/15)
 Temple: D:4-7

Altars:
Kikubaaqudgha
Zin

Shops:
D:2 (


Message History

You shoot an arrow. The arrow hits the black bear!
The arrow freezes the black bear.
The black bear is severely wounded.
The scorpion stings you but does no damage.
The black bear bites you but does no damage.
The black bear barely misses you. x2; The scorpion stings you.
The orc priest calls down the wrath of Beogh upon you.
Beogh smites you!
The black bear bites you but does no damage.
The black bear claws you.
The black bear claws you but does no damage.
The scorpion stings you.
You shoot an arrow. The arrow barely misses the black bear.
The arrow completely misses the orc.
The scorpion barely misses you.
An orc comes into view.
It is wielding a +1 falchion of holy wrath.
The black bear bites you. The black bear claws you. x2
The scorpion closely misses you.
You shoot an arrow.
The arrow closely misses the black bear.
The arrow hits the orc!
The arrow freezes the orc.
You kill the orc!
The black bear bites you but does no damage.
The black bear claws you but does no damage. x2
The scorpion stings you but does no damage.
The black bear bites you but does no damage.
The black bear claws you but does no damage. x2
The scorpion stings you.
You are lethally poisoned!
The scorpion poisons you!
You shoot an arrow.
The arrow closely misses the black bear.
The arrow hits the orc!!
The arrow freezes the orc.
You kill the orc!
You feel very sick.
The orc priest begins to cast a cantrip, but forgets the words!
The black bear closely misses you. The black bear barely misses you.
The black bear claws you but does no damage.
The scorpion stings you.
You die...

#.# #.# #.# #.# #.#
#####+#.#
......o.##############
...o.)h@............<#
......s###############
......o ...))..
...)... .......
.?..... ..[....


You could see a black bear, a scorpion, 2 orc priests and an orc.

Vanquished Creatures
  Terence (D:2)
  Natasha (thrice) (D:3)
  Robin (D:2)
  5 adders
  A worm (D:3)
  A dart slug (D:1)
  6 orcs
  6 endoplasms
  5 hobgoblins
  3 jackals (D:3)
  3 quokkas
  4 ball pythons
  3 bats
  2 frilled lizards
  15 goblins
  10 kobolds
  6 rats
75 creatures vanquished.

Notes
Turn   | Place    | Note
-------+----------+-------------------------------------------
     0 | D:1      | qw the Deep Elf Hunter began the quest for the Orb.
     0 | D:1      | Reached XP level 1. HP: 12/12 MP: 3/3
     0 | D:1      | 0 ||| qw: Version: 0.3-a-9-g12657ce
     0 | D:1      | 0 ||| qw: Game counter: 4238
     0 | D:1      | 0 ||| qw: Always use a shield: true
     0 | D:1      | 0 ||| qw: God list: Okawaru
     0 | D:1      | 0 ||| qw: Allow faded altars: false
     0 | D:1      | 0 ||| qw: Do Orc after D:15 true
     0 | D:1      | 0 ||| qw: Do second Lair branch before Depths: true
     0 | D:1      | 0 ||| qw: Lair rune preference: random
     0 | D:1      | 0 ||| qw: Plans: Normal
     0 | D:1      | 0 ||| PLANNING D:1-11
   141 | D:1      | Reached XP level 2. HP: 16/16 MP: 4/4
   152 | D:1      | Reached skill level 6 in Ranged Weapons
   757 | D:1      | 757 ||| UPGRADING to ring of resist corrosion.
   758 | D:1      | 758 ||| READING 3 scrolls labelled XITRONIAGO.
   758 | D:1      | Identified 3 scrolls of acquirement
   758 | D:1      | 758 ||| ACQUIRING +5 longbow of Pempol {freeze, rC+ Will+
                  | Dex+6}
   758 | D:1      | Acquired the +5 longbow of Pempol {freeze, rC+ Will+ Dex+6}
   760 | D:1      | 760 ||| SWAPPING to +5 longbow of Pempol {freeze, rC+ Will+
                  | Dex+6}.
   761 | D:1      | 761 ||| DROPPING +0 shortbow.
   762 | D:1      | 762 ||| READING 2 scrolls of acquirement.
   762 | D:1      | 762 ||| ACQUIRING 746 gold pieces
   762 | D:1      | Acquired 746 gold pieces
   763 | D:1      | 763 ||| READING scroll of acquirement.
   763 | D:1      | 763 ||| ACQUIRING +2 pair of gloves of Allat {rN+++ Regen+
                  | Str-4}
   763 | D:1      | Acquired the +2 pair of gloves of Allat {rN+++ Regen+
                  | Str-4}
   765 | D:1      | 765 ||| UPGRADING to +2 pair of gloves of Allat {rN+++
                  | Regen+ Str-4}.
   770 | D:1      | 770 ||| READING scroll labelled PYOMADGHITO.
   771 | D:1      | 771 ||| DROPPING scroll of butterflies.
   852 | D:2      | Reached XP level 3. HP: 20/20 MP: 5/5
  1017 | D:2      | Noticed Robin
  1024 | D:2      | Killed Robin
  1025 | D:2      | Reached skill level 7 in Ranged Weapons
  1096 | D:2      | Reached skill level 3 in Dodging
  1096 | D:2      | Reached XP level 4. HP: 25/25 MP: 6/6
  1357 | D:2      | Found Qem Zerr's Weapon Shop.
  1365 | D:2      | Noticed Terence
  1372 | D:2      | Killed Terence
  1466 | D:2      | 1466 ||| UPGRADING to +0 helmet.
  1471 | D:2      | 1471 ||| UPGRADING to +0 scale mail.
  1481 | D:2      | 1481 ||| DROPPING +0 leather armour.
  1559 | D:3      | Reached skill level 1 in Armour
  1579 | D:3      | Reached XP level 5. HP: 29/29 MP: 7/7
  1606 | D:3      | Noticed Natasha
  1607 | D:3      | Killed Natasha
  1608 | D:3      | Reached skill level 8 in Ranged Weapons
  1802 | D:3      | Found a glowing silver altar of Zin.
  1833 | D:3      | Noticed Natasha
  1839 | D:3      | Killed Natasha
  1947 | D:3      | Found an ancient bone altar of Kikubaaqudgha.
  1977 | D:3      | Noticed Natasha
  1983 | D:3      | Killed Natasha
  2006 | D:3      | 2006 ||| READING 2 scrolls labelled MAHOPEV LEYCW.
  2007 | D:3      | 2007 ||| READING scroll labelled RAYFFE NUNWE.
  2008 | D:3      | 2008 ||| DRINKING 3 murky emerald potions.
  2008 | D:3      | Gained mutation: Your mind is acute. (Int +4, Str/Dex -1)
                  | [potion of mutation]
  2008 | D:3      | Gained mutation: You are agile. (Dex +4, Str/Int -1)
                  | [potion of mutation]
  2009 | D:3      | 2009 ||| DRINKING 2 fizzy yellow potions.
  2010 | D:3      | 2010 ||| DROPPING scroll of fear.
  2066 | D:4      | Noticed a black bear
  2070 | D:4      | HP: 7/29 [orc priest/divine providence (14)]
  2070 | D:4      | HP: 3/29 [scorpion (3)]
  2071 | D:4      | HP: 1/29 [black bear (1)]
  2073 | D:4      | Slain by a scorpion

Levels and vault maps discovered:
D:1:      wheals_arrival_linesprint, layout_loops_ring
D:2:      layout_basic, serial_shops, nicolae_shop_bloodbath_and_beyond,
          serial_rivers, chequers_serial_rivers_micro_b,
          chequers_serial_rivers_marsh, chequers_serial_rivers_large_a,
          chequers_serial_rivers_micro_c, uniq_robin, uniq_terence
D:3:      layout_rooms, zin_scriptorium, nicolae_overflow_hidden_temple,
          uniq_natasha
D:4:      layout_basic, serial_shops, shop, shop, shop_coins

Skill      XL: |  1  2  3  4  5 |
---------------+----------------+-----
Ranged Weapons | 6 7 8 |  8.8
Dodging        | 3 |  3.1
Armour         | 1 |  1.0
Fighting       | |  1.5
Stealth        | |  1.2

Action                     |  1- 3 |  4- 6 || total
---------------------------+-------+-------++-------
   Fire: Shortbow          |    49 |       ||    49
         Longbow           |    21 |    73 ||    94
    Use: Scroll            |     4 |     2 ||     6
         Potion            |       |     2 ||     2
 Armour: Leather armour    |     8 |     2 ||    10
         Scale mail        |       |    22 ||    22
  Dodge: Dodged            |    13 |    15 ||    28

Table legend:
 A = Non-vault XP
 B = Vault XP
 C = Vault XP percentage of total XP
 D = Non-vault monster count
 E = Vault monster count
 F = Vault count percentage of total count
                 A         B        C        D         E       F
            +---------+---------+-------+---------+---------+-------
      Total |     244 |      99 |  28.9 |      65 |      10 |  13.3
            +---------+---------+-------+---------+---------+-------
        D:1 |      40 |       0 |   0.0 |      23 |       0 |   0.0
        D:2 |      54 |      64 |  54.2 |      13 |       9 |  40.9
        D:3 |     135 |      35 |  20.6 |      24 |       1 |   4.0
        D:4 |      15 |       0 |   0.0 |       5 |       0 |   0.0
            +---------+---------+-------+---------+---------+-------
